 Dungeon Crawl Stone Soup version 0.27-a0-46-g34d46f0a3f (webtiles) character file.

Game seed: 6906355472583517840

31 tsouns the Gusty (level 3, 0/21 HPs)
             Began as a Gargoyle Air Elementalist on Jan 6, 2021.
             Slain by an orc
             ... wielding a +0 hand axe
              (4 damage)
             ... on level 2 of the Dungeon.
             The game lasted 00:04:08 (1414 turns).

tsouns the Gusty (Gargoyle Air Elementalist)        Turns: 1414, Time: 00:04:09

Health: 0/21       AC:  5    Str: 11    XL:     3   Next: 22%
Magic:  2/6        EV: 12    Int: 16    God:
Gold:   82         SH:  0    Dex: 10    Spells: 5/6 levels left

rFire    . . .     SeeInvis .     - Unarmed
rCold    . . .     Faith    .   (no shield)
rNeg     + . .     Spirit   .   a - +0 robe
rPois    ∞         Reflect  .   (no helmet)
rElec    +         Harm     .   (no cloak)
rCorr    .         Rampage  .   (no gloves)
Will     .....                  (no boots)
Stlth    ++........             (no amulet)
HPRegen  0.07/turn              (no ring)
MPRegen  0.10/turn              (no ring)

@: no status effects
A: negative energy resistance 1, electricity resistance, unbreathing,
petrification resistance, miasma immunity, AC +3
a: no special abilities


You were on level 2 of the Dungeon.
You visited 1 branch of the dungeon, and saw 2 of its levels.

You collected 82 gold pieces.

Inventory:

Missiles
 f - 11 poisoned darts
Armour
 a - a +0 robe (worn)
Scrolls
 d - 3 scrolls of identify {unknown}
 e - a scroll of magic mapping {unknown}
 g - a scroll of enchant weapon {unknown}
 h - 3 scrolls of remove curse {unknown}
Potions
 b - a potion of resistance {unknown}
 c - 3 potions of haste {unknown}


   Skills:
 + Level 2.0 Fighting
 - Level 1.5 Dodging
 - Level 2.1 Stealth
 + Level 1.8 Unarmed Combat
 - Level 2.0 Spellcasting
 - Level 1.1 Conjurations
 - Level 2.4 Air Magic


You had 5 spell levels left.
You knew the following spells:

 Your Spells              Type           Power        Failure   Level
a - Shock                 Conj/Air       28%          10%         1

Your spell library contained the following spells:

 Spells                   Type           Power        Failure   Level
 Swiftness                Air            9%           12%         2
 Static Discharge         Conj/Air       7%           30%         3
 Airstrike                Air            4%           61%         4
 Lightning Bolt           Conj/Air       3%           95%         5


Dungeon Overview and Level Annotations

Branches:
Dungeon (2/15)

Altars:


Innate Abilities, Weirdness & Mutations

You are resistant to torment.
Your stone body is resilient. (AC +3)
You are immune to poison.
You resist negative energy. (rN+)
You are resistant to electric shocks. (rElec)
You can survive without breathing.
You are immune to petrification.
You are immune to miasma.


Message History

Press: ? - help, Shift-Dir - straight line, f/p - orc priest
Aim: an orc priest, wielding a +0 club and wearing a +0 chain mail (23% to evade)
The zap hits the orc.
The orc is lightly wounded.
The zap hits the orc priest but does no damage.
The orc priest invokes the aid of Beogh against you.
Beogh smites you!
Ouch! That really hurt!
* * * LOW HITPOINT WARNING * * *
Unknown command.
The orc priest casts a cantrip, but nothing happens.
Your magical contamination has completely faded away.
The orc wizard gestures at itself while chanting.
The orc wizard flickers and vanishes!
Deactivating autopickup; reactivate with Ctrl-A.
There is an open door here.
Unknown command.
Something unseen opens the door.
The orc hits you with a +0 hand axe.
You die...

#.........#
#........o# .#
#.........# ..
#......K..# #.
#.........#
.##.........#
..#.........#
#.#......o..#
#.#.....@...#
#)##...##+#.#
#..#...# #...
#####.#...#
#####
+.........+
######....##.##
#.............
#+###.#####.##
#..# .#


You could see an orc priest, an orc and a kobold.

Vanquished Creatures
  An orc (D:2)
  3 ball pythons (D:1)
  2 giant cockroaches (D:1)
  5 hobgoblins
  2 bats (D:1)
  3 frilled lizards
  3 goblins (D:1)
  5 kobolds (D:1)
  5 rats (D:1)
29 creatures vanquished.

Vanquished Creatures (others)
  4 plants (D:2)
4 creatures vanquished.

Grand Total: 33 creatures vanquished

Notes
Turn   | Place    | Note
-------+----------+-------------------------------------------
     0 | D:1      | tsouns the Gargoyle Air Elementalist began the quest for
                  | the Orb.
     0 | D:1      | Reached XP level 1. HP: 10/10 MP: 3/3
   370 | D:1      | Reached skill level 1 in Fighting
   370 | D:1      | Reached skill level 1 in Unarmed Combat
   370 | D:1      | Reached XP level 2. HP: 16/16 MP: 1/5
   928 | D:1      | Reached XP level 3. HP: 21/21 MP: 6/6
  1414 | D:2      | Slain by an orc

Illustrated notes

Levels and vault maps discovered:
D:1:      dpeg_arrival_pond, layout_basic
D:2:      layout_basic, serial_forest, infiniplex_forest_lined_room_2,
          infiniplex_forest_end_3, infiniplex_forest_clump_tiny,
          infiniplex_forest_clump_curved, infiniplex_forest_end_2

Skill      XL: |  1  2  3 |
---------------+----------+-----
Fighting       | 1 2 |  2.0
Unarmed Combat | 1 |  1.8
Dodging        | |  1.5
Stealth        | |  2.1
Spellcasting   | |  2.0
Conjurations   | |  1.1
Air Magic      | |  2.4

Action                   || total
-------------------------++-------
Melee: Unarmed           ||    62
       Punch             ||     1
 Cast: Shock             ||    39
 Stab: Sleeping          ||     2
Armor: Robe              ||    22
Dodge: Dodged            ||    60

Table legend: (Time is in decaauts)
 A = Elapsed time spent in this place.
 B = Non-inter-level travel time spent in this place.
 C = Inter-level travel time spent in this place.
 D = Time resting spent in this place.
 E = Time spent auto-exploring this place.
 F = Levels seen in this place.
 G = Mean time per level.
                   A        B        C        D        E       F      G
               +--------+--------+--------+--------+--------+-----+--------+
         Total |   1412 |   1405 |      7 |      0 |   1192 |   2 |  706.0 |
       Dungeon |   1412 |   1405 |      7 |      0 |   1192 |   2 |  706.0 |
               +--------+--------+--------+--------+--------+-----+--------+

Top non-repeatable levels by time:
     D:1: 1169 daAuts
     D:2: 242 daAuts
